 Dungeon Crawl Stone Soup version 0.30.0-20-g3615ddf2f0 (webtiles) character file.

Game seed: 1027807254825939573

1205 qw the Chopper (level 8, -3/48 HPs)
             Began as a Gargoyle Fighter on May 29, 2023.
             Was an Initiate of Okawaru.
             Slain by an orc priest
             ... wielding a +0 flail
              (7 damage)
             ... on level 6 of the Dungeon.
             The game lasted 00:02:20 (4874 turns).

qw the Chopper (Gargoyle Fighter)                   Turns: 4874, Time: 00:02:20

Health: -3/48      AC: 20    Str: 22    XL:     8   Next: 45%
Magic:  8/8        EV:  5    Int:  9    God:    Okawaru [......]
Gold:   119        SH:  0    Dex:  9    Spells: 7/7 levels left

rFire   + . .        Y - +2 war axe
rCold   . . .        j - +0 kite shield
rNeg    + . .        a - +0 plate armour
rPois   inf          (no helmet)
rElec   +            (no cloak)
rCorr   .            f - +0 pair of gloves
SInv    .            k - +0 pair of boots
Will    .....        i - amulet of regeneration Stlth
                     g - ring of protection from fire
HPRegen 1.08/turn    (no ring)
MPRegen 0.11/turn

%: no passive effects
@: confused
A: sickness immunity, AC +5, negative energy resistance 1, electricity
resistance, torment resistance 1, petrification resistance
a: Renounce Religion


You were on level 6 of the Dungeon.
You worshipped Okawaru.
Okawaru was noncommittal.
You visited 1 branch of the dungeon, and saw 6 of its levels.

You collected 251 gold pieces.
You spent 132 gold pieces at shops.


Innate Abilities, Weirdness & Mutations

You are immune to sickness and miasma.
Your stone body is resilient. (AC +5)
You are immune to poison.
You resist negative energy. (rN+)
You are resistant to electric shocks. (rElec)
You are resistant to unholy torment.
You are immune to petrification.


   Skills:
 + Level 4.6 Fighting
 - Level 7.2 Axes
 - Level 4.6 Armour
 - Level 6.0 Shields


You had 7 spell levels left.
You didn't know any spells.
Your spell library was empty.

Inventory:

Hand Weapons
 e - a +0 flail of protection
 Y - a +2 war axe (weapon)
Missiles
 b - 2 boomerangs (quivered)
Armour
 a - a +0 plate armour (worn)
 f - a +0 pair of gloves (worn)
 j - a +0 kite shield (worn)
 k - a +0 pair of boots (worn)
Jewellery
 g - a ring of protection from fire (left hand)
 i - an amulet of regeneration (around neck)
Scrolls
 c - a scroll of identify
Potions
 d - 2 potions of might
 h - a potion of mutation
 l - 2 potions of resistance
 m - a potion of lignification
 n - a potion of haste {unknown}
 o - a potion of attraction {unknown}

Dungeon Overview and Level Annotations

Branches:
Dungeon (6/15)             Temple (0/1) D:5

Altars:
Elyvilon
Okawaru
Ru
Yredelemnul
Zin

Shops:
D:4 *


Message History

A puff of flame appears from out of thin air!
The puff of flame hits you but does no damage.
The orc warrior hits you but does no damage.
The orc hits you but does no damage.
The orc wizard hits you but does no damage.
The orc priest hits you but does no damage.
You hear some strange, mumbled words.
A puff of flame appears from out of thin air!
The puff of flame hits you but does no damage.
The orc warrior hits you but does no damage.
The orc priest hits you with a +0 flail!
The orc hits you but does no damage.
The orc wizard hits you but does no damage.
Something hits you but does no damage.
The orc warrior hits you with a +0 dire flail.
The orc priest hits you with a +0 flail.
The orc hits you but does no damage.
The orc wizard hits you but does no damage.
Something hits you but does no damage.
The orc warrior hits you but does no damage.
The orc hits you but does no damage.
The orc wizard hits you but does no damage.
The orc priest hits you with a +0 flail.
Something hits you but does no damage.
The orc warrior hits you with a +0 dire flail.
The orc hits you but does no damage.
The orc wizard gestures at you while chanting.
You are more confused.
The orc priest barely misses you. Something hits you but does no damage.
The orc warrior hits you but does no damage.
The orc hits you with a +0 hand axe.
The orc wizard hits you but does no damage.
The orc priest barely misses you. Something hits you but does no damage.
The orc warrior hits you but does no damage.
The orc priest invokes the aid of Beogh against you.
Beogh smites you! The orc hits you but does no damage.
The orc wizard barely misses you. Something hits you but does no damage.
The orc warrior barely misses you.
The orc priest hits you with a +0 flail!
You die...

.# .. #.
###########.##..
. .........#.....
.. #..........>..
...#..........#
#.......oo...#
#.##....o@..##
........{o[..##
.[........)...#
.#............#
#...........##
#..............
.............[).
##.........>....#
##.............#


You could see an orc warrior, an orc priest, an orc wizard and an orc.

Vanquished Creatures
  Edmund (D:5)
  Duvessa (D:5)
  An ice beast (D:5)
  3 ogres
  A scorpion (D:6)
  Dowan (D:5)
  A howler monkey (D:5)
  2 orc priests
  A jelly (D:4)
  4 iguanas (D:5)
  A sleepcap (D:5)
  Terence (D:2)
  2 orc wizards (D:5)
  5 adders
  2 white imps (D:5)
  2 ufetubi
  3 worms
  5 dart slugs
  25 orcs
  4 endoplasms
  6 giant cockroaches
  5 goblins
  5 hobgoblins
  9 jackals
  2 quokkas
  8 ball pythons
  8 bats
  4 frilled lizards
  6 kobolds
  A rat (D:3)
120 creatures vanquished.

Notes
Turn   | Place    | Note
-------+----------+-------------------------------------------
     0 | D:1      | qw the Gargoyle Fighter began the quest for the Orb.
     0 | D:1      | Reached XP level 1. HP: 14/14 MP: 1/1
     0 | D:1      | 0 ||| qw: Version: 0.2-a-102-g2b76a06
     0 | D:1      | 0 ||| qw: Game counter: 420
     0 | D:1      | 0 ||| qw: Always use a shield: true
     0 | D:1      | 0 ||| qw: God list: Okawaru
     0 | D:1      | 0 ||| qw: Allow faded altars: false
     0 | D:1      | 0 ||| qw: Do Orc after D:15 true
     0 | D:1      | 0 ||| qw: Do second Lair branch before Depths: true
     0 | D:1      | 0 ||| qw: Lair rune preference: random
     0 | D:1      | 0 ||| qw: Plans: Normal, Zot:1-4, Slime:5, God:TSO, Crypt,
                  | Tomb, Pan, Hells, Abyss, Win
     0 | D:1      | 0 ||| PLANNING D:1-11
    21 | D:1      | Reached skill level 2 in Axes
    26 | D:1      | 26 ||| FLEEEEING.
    27 | D:1      | 27 ||| FLEEEEING.
    37 | D:1      | 37 ||| Stepping ~*~*~tactically~*~*~ (hiding).
    42 | D:1      | Reached XP level 2. HP: 19/19 MP: 2/2
   151 | D:1      | 151 ||| Stepping ~*~*~tactically~*~*~ (hiding).
   168 | D:1      | 168 ||| Stepping ~*~*~tactically~*~*~ (hiding).
   313 | D:1      | 313 ||| Stepping ~*~*~tactically~*~*~ (hiding).
   438 | D:1      | 438 ||| Stepping ~*~*~tactically~*~*~ (hiding).
   448 | D:1      | 448 ||| Stepping ~*~*~tactically~*~*~ (stealth).
   484 | D:1      | Reached skill level 3 in Axes
   668 | D:1      | Reached XP level 3. HP: 22/23 MP: 3/3
   908 | D:1      | Found a faded altar of an unknown god.
  1196 | D:1      | 1196 ||| UPGRADING to +1 chain mail of poison resistance.
  1206 | D:1      | 1206 ||| DROPPING +0 scale mail.
  1207 | D:1      | 1207 ||| UPGRADING to +0 kite shield.
  1217 | D:1      | 1217 ||| DROPPING +0 buckler.
  1218 | D:1      | 1218 ||| DROPPING ring of magical power.
  1219 | D:1      | 1219 ||| READING scroll labelled TUP EKIKHLE.
  1220 | D:1      | 1220 ||| READING 2 scrolls labelled PIGOID PIEHUM.
  1221 | D:1      | 1221 ||| READING scroll labelled NIEXOC SYOMYJU.
  1222 | D:1      | 1222 ||| READING scroll labelled KAEMUOGYEPN.
  1223 | D:1      | 1223 ||| READING scroll labelled PUACHE WOUD.
  1224 | D:1      | 1224 ||| READING scroll labelled ORA YWUGATHI.
  1225 | D:1      | 1225 ||| READING scroll labelled MOQORU TOONIPOTA.
  1228 | D:1      | 1228 ||| DROPPING scroll of magic mapping.
  1314 | D:2      | You fall into a shaft and drop 1 floor!
  1363 | D:3      | 1363 ||| READING 2 scrolls labelled QIEMONOTIA.
  1364 | D:3      | 1364 ||| READING scroll of enchant weapon.
  1364 | D:3      | 1364 ||| ENCHANTING +1 war axe.
  1430 | D:2      | 1430 ||| DROPPING +0 whip of draining.
  1431 | D:2      | 1431 ||| DROPPING +0 club.
  1477 | D:2      | 1477 ||| Stepping ~*~*~tactically~*~*~ (hiding).
  1607 | D:2      | Noticed Terence
  1615 | D:2      | Killed Terence
  1616 | D:2      | Reached XP level 4. HP: 28/28 MP: 4/4
  1783 | D:2      | 1783 ||| Stepping ~*~*~tactically~*~*~ (stealth).
  1784 | D:2      | 1784 ||| Stepping ~*~*~tactically~*~*~ (stealth).
  2139 | D:2      | 2139 ||| UPGRADING to amulet of regeneration.
  2144 | D:2      | 2144 ||| READING scroll labelled POBUTW VEXOVEA.
  2145 | D:2      | 2145 ||| READING 2 scrolls labelled KIK IDOOHE.
  2146 | D:2      | 2146 ||| READING scroll labelled GOGYTHR NEESH.
  2247 | D:2      | 2247 ||| READING scroll labelled UGASTE IFINUUV.
  2248 | D:2      | 2248 ||| DRINKING 2 white potions.
  2249 | D:2      | 2249 ||| READING 3 scrolls of identify.
  2249 | D:2      | 2249 ||| IDENTIFYING yellow potion
  2250 | D:2      | 2250 ||| READING 2 scrolls of identify.
  2250 | D:2      | 2250 ||| IDENTIFYING lumpy pink potion
  2251 | D:2      | 2251 ||| DROPPING scroll of vulnerability.
  2252 | D:2      | 2252 ||| DROPPING potion of degeneration.
  2253 | D:2      | 2253 ||| DROPPING potion of brilliance.
  2435 | D:3      | Found a white marble altar of Elyvilon.
  2555 | D:3      | Found a basalt altar of Yredelemnul.
  2952 | D:3      | 2952 ||| UPGRADING to +0 plate armour.
  2962 | D:3      | 2962 ||| UPGRADING to +0 pair of gloves.
  2967 | D:3      | 2967 ||| DROPPING +1 chain mail of poison resistance.
  2968 | D:3      | 2968 ||| UPGRADING to +0 pair of boots.
  2973 | D:3      | 2973 ||| READING 2 scrolls of identify.
  2973 | D:3      | 2973 ||| IDENTIFYING green potion
  2974 | D:3      | 2974 ||| DROPPING potion of flight.
  3045 | D:4      | Found Mrirot's Merry Market.
  3046 | D:4      | 3046 ||| Stepping ~*~*~tactically~*~*~ (hiding).
  3161 | D:4      | 3161 ||| BUYING potion of might (44 gold).
  3161 | D:4      | Bought a potion of might for 44 gold pieces
  3161 | D:4      | 3161 ||| BUYING potion of mutation (88 gold).
  3161 | D:4      | Bought a potion of mutation for 88 gold pieces
  3172 | D:4      | 3172 ||| Stepping ~*~*~tactically~*~*~ (stealth).
  3179 | D:4      | Reached XP level 5. HP: 32/32 MP: 5/5
  3192 | D:4      | Reached skill level 4 in Axes
  3232 | D:4      | 3232 ||| Stepping ~*~*~tactically~*~*~ (hiding).
  3352 | D:4      | 3352 ||| Stepping ~*~*~tactically~*~*~ (hiding).
  3353 | D:4      | 3353 ||| Stepping ~*~*~tactically~*~*~ (hiding).
  3493 | D:4      | Noticed an ogre
  3494 | D:4      | 3494 ||| Stepping ~*~*~tactically~*~*~ (stealth).
  3500 | D:4      | Killed an ogre
  3546 | D:4      | 3546 ||| Stepping ~*~*~tactically~*~*~ (stealth).
  3593 | D:4      | Reached XP level 6. HP: 37/37 MP: 6/6
  3632 | D:4      | 3632 ||| Stepping ~*~*~tactically~*~*~ (hiding).
  4156 | D:4      | 4156 ||| READING 3 scrolls of identify.
  4156 | D:4      | 4156 ||| IDENTIFYING emerald potion
  4157 | D:4      | 4157 ||| READING 2 scrolls of identify.
  4157 | D:4      | 4157 ||| IDENTIFYING inky potion
  4171 | D:5      | Entered Level 5 of the Dungeon
  4173 | D:5      | Noticed an ice beast
  4175 | D:5      | 4175 ||| DRINKING 2 potions of curing.
  4175 | D:5      | 4175 ||| (to cure confusion)
  4178 | D:5      | 4178 ||| DRINKING potion of curing.
  4178 | D:5      | 4178 ||| (to cure confusion)
  4191 | D:5      | Killed an ice beast
  4192 | D:5      | Reached skill level 5 in Axes
  4192 | D:5      | HP: 9/37 [orc priest/nerve-wracking pain (5)]
  4192 | D:5      | HP: 3/37 [orc/+0 trident (6)]
  4193 | D:5      | 4193 ||| READING scroll of teleportation.
  4196 | D:5      | Found an iron altar of Okawaru.
  4197 | D:5      | Reached XP level 7. HP: 7/41 MP: 7/7
  4197 | D:5      | 4197 ||| PLANNING OKAWARU WORSHIP
  4197 | D:5      | Noticed Dowan
  4197 | D:5      | Noticed Duvessa
  4203 | D:5      | HP: 9/42 [Duvessa/+0 rapier (7)]
  4212 | D:5      | Killed Duvessa
  4215 | D:5      | Killed Dowan
  4235 | D:5      | 4235 ||| DROPPING amulet of magic regeneration.
  4236 | D:5      | Became a worshipper of Warmaster Okawaru
  4236 | D:5      | 4236 ||| PLANNING D:1-11
  4249 | D:5      | Noticed Edmund
  4260 | D:5      | Killed Edmund
  4261 | D:5      | Reached skill level 6 in Axes
  4267 | D:5      | 4267 ||| DROPPING +1 heavy flail.
  4309 | D:5      | Found a sacrificial altar of Ru.
  4372 | D:5      | Reached skill level 6 in Shields
  4374 | D:5      | 4374 ||| Stepping ~*~*~tactically~*~*~ (hiding).
  4382 | D:5      | Reached XP level 8. HP: 45/48 MP: 8/8
  4382 | D:5      | Found a staircase to the Ecumenical Temple.
  4428 | D:5      | Found a glowing silver altar of Zin.
  4552 | D:5      | 4552 ||| Stepping ~*~*~tactically~*~*~ (hiding).
  4661 | D:5      | Reached * piety under Okawaru
  4779 | D:5      | 4779 ||| UPGRADING to ring of protection from fire.
  4780 | D:5      | 4780 ||| READING scroll labelled EHEORUE HOYQAGAA.
  4798 | D:6      | 4798 ||| INVOKING Heroism.
  4799 | D:6      | 4799 ||| INVOKING Heroism.
  4809 | D:6      | 4809 ||| STAIRDANCE
  4838 | D:6      | Reached skill level 7 in Axes
  4842 | D:6      | 4842 ||| Stepping ~*~*~tactically~*~*~ (stealth).
  4845 | D:6      | 4845 ||| FLEEEEING.
  4846 | D:6      | 4846 ||| FLEEEEING.
  4847 | D:6      | 4847 ||| STAIRDANCE
  4873 | D:6      | HP: 3/48 [orc priest/divine providence (13)]
  4874 | D:6      | Slain by an orc priest

Levels and vault maps discovered:
D:1:      dpeg_arrival_renting, layout_basic, dreamdust_ecumenical_altar_grove,
          minmay_quantized
D:2:      layout_loops_ring, uniq_terence
D:3:      layout_basic, kennysheep_ying_yang, grunt_ministairs_1, st_stairs_5,
          minmay_cut_off
D:4:      layout_basic, nicolae_alphabet_shops, minmay_close_crescents
D:5:      layout_loops_ring, zin_statuary, okawaru_ov_weapons_minmay,
          mainiacjoe_overflow_small_starburst, minmay_temple_entry_glass,
          uniq_edmund, uniq_duvessa
D:6:      layout_rooms, mainiacjoe_overflow_alcove_1, grunt_dithmenos_smoke,
          minmay_between

Skill      XL: |  1  2  3  4  5  6  7  8 |
---------------+-------------------------+-----
Axes           | 2 3 4 5 6 7 |  7.2
Shields        | 4 5 6 |  6.0
Fighting       | 4 |  4.6
Armour         | 4 |  4.6

Action                     |  1- 3 |  4- 6 |  7- 9 || total
---------------------------+-------+-------+-------++-------
  Melee: War axe           |    87 |   133 |   105 ||   325
  Throw: Boomerang         |       |     4 |    11 ||    15
 Invoke: Heroism           |       |       |     1 ||     1
    Use: Scroll            |     9 |    10 |     1 ||    20
         Potion            |       |     3 |       ||     3
 Armour: Scale mail        |    22 |       |       ||    22
         Chain mail        |    12 |    24 |       ||    36
         Plate armour      |       |   110 |   105 ||   215
  Dodge: Dodged            |    37 |    37 |    29 ||   103
  Block: Buckler           |     8 |       |       ||     8
         Kite shield       |     6 |    81 |    54 ||   141

Table legend:
 A = Non-vault XP
 B = Vault XP
 C = Vault XP percentage of total XP
 D = Non-vault monster count
 E = Vault monster count
 F = Vault count percentage of total count
                 A         B        C        D         E       F
            +---------+---------+-------+---------+---------+-------
      Total |    1284 |     438 |  25.4 |     102 |      18 |  15.0
            +---------+---------+-------+---------+---------+-------
        D:1 |      42 |       6 |  12.5 |      21 |       4 |  16.0
        D:2 |      26 |      36 |  58.1 |      11 |       1 |   8.3
        D:3 |      17 |      14 |  45.2 |       7 |       8 |  53.3
        D:4 |     240 |      17 |   6.6 |      23 |       2 |   8.0
        D:5 |     807 |     365 |  31.1 |      33 |       3 |   8.3
        D:6 |     152 |       0 |   0.0 |       7 |       0 |   0.0
            +---------+---------+-------+---------+---------+-------
